Admirals vs Eagles

Created - June 5, 2023 at 20:14

Goals
1 2 3 T
Admirals 0 1 0 1
Eagles 3 5 4 12
Shots
1 2 3 T
Admirals 9 12 8 29
Eagles 8 17 19 44

1st period

1. Eagles , Jared McCann 28 (Connor Carrick 34) at 0:44
2. Eagles , Anthony Duclair 45 (Drake Caggiula 46, Matteson Iacopelli 25) at 5:17
3. Eagles , Nick Cousins 65 (Jonathan Marchessault 77, Jared McCann 21) at 17:41

Penalties :
Matteson Iacopelli (Col) for Goalie Interference (Minor) at 10:44

2nd period

4. Eagles , Zach Aston-Reese 26 (Gabriel Vilardi 14) at 1:46
5. Eagles , Jared McCann 29 (Chris Calhan 17, Ryan Murphy 30) at 3:22
6. Eagles , Jonathan Marchessault 46 (Nick Cousins 73, Connor Carrick 35) at 3:36
7. Eagles , Nick Cousins 66 (Jonathan Marchessault 78, Ryan Murphy 31) at 4:27
8. Eagles , Jared McCann 30 (Ryan Murphy 32, Tyler Motte 21) at 5:56
9. Admirals , Riley Barber 17 (Kristian Vesalainen 4) at 15:40

Penalties :
Jonathan Racine (Col) for Roughing (Minor) at 9:47

3rd period

10. Eagles , Anthony Duclair 46 (John Ramage 31, Matteson Iacopelli 26) at 11:34 (PP)
11. Eagles , Drake Caggiula 29 (Anthony Duclair 40, Matteson Iacopelli 27) at 14:24 (PP)
12. Eagles , Nick Cousins 67 (Jonathan Marchessault 79, Ryan Murphy 33) at 17:31
13. Eagles , Michael Carcone 8 (Gabriel Vilardi 15, Zach Aston-Reese 25) at 18:41

Penalties :
Markus Granlund (Mil) for Hooking (Minor) at 11:07, Markus Granlund (Mil) for Roughing (Double Minor) at 12:29

Goalie Stats

Felix Sanstrom (Mil), 2 saves from 6 shots - (0.333), 4:10 minutes
Tristan Jarry (Mil), 30 saves from 38 shots - (0.789), L, 24-30-3, 55:50 minutes
Adin Hill (Col), 28 saves from 29 shots - (0.966), W, 16-14-6, 60:00 minutes

Players Stats for Admirals

Player Name              G  A  P  +/- PIM S  H  SB GA TA FO     MP     PP MP  PK MP  
------------------------------------------------------------------------------------
Anton Gustafsson         0  0  0  -4  0   1  0  0  1  0  18/39  23:22   2:19   3:38 
Carl Dahlstrom           0  0  0  -5  0   0  2  0  0  0  0/0    18:20   1:18   0:44 
Freddie Hamilton         0  0  0  -3  0   0  2  3  1  0  0/1    12:00   0:00   0:00 
Hunter Shinkaruk         0  0  0  -1  0   5  0  0  0  0  1/1    17:04   1:37   1:10 
Ian Mitchell             0  0  0   0  0   0  0  0  0  0  0/0     4:36   0:00   0:00 
Joel Armia               0  0  0  -3  0   5  0  0  0  0  2/3    18:41   2:19   0:00 
Josh Norris              0  0  0  -1  0   2  0  1  0  0  1/3     8:20   0:00   0:43 
Josh Wesley              0  0  0  -2  0   2  0  1  0  1  0/0    10:27   0:00   0:00 
Kasper Bjorkqvist        0  0  0  -4  0   0  2  2  1  1  0/1    16:38   0:02   3:11 
Kristian Vesalainen      0  1  1  -1  0   0  0  0  0  0  0/0     7:37   0:00   0:00 
Lucas Wallmark           0  0  0  -1  0   2  0  1  0  0  8/14   15:54   1:37   0:00 
Mark McNeill             0  0  0  -1  0   2  0  0  0  0  0/1    15:54   1:37   0:00 
Markus Granlund          0  0  0  -4  6   2  1  1  3  1  3/4    19:42   2:19   0:00 
Mattias Backman          0  0  0  -2  0   0  0  2  0  0  0/0    26:37   2:40   3:37 
Nolan Vesey              0  0  0  -3  0   1  0  0  0  0  1/1    12:24   0:02   0:00 
Olli Juolevi             0  0  0  -2  0   1  1  0  0  0  0/0    10:27   0:00   0:00 
Reilly Walsh             0  0  0   0  0   0  0  0  0  0  0/0     4:36   0:00   0:00 
Riley Barber             1  0  1  -1  0   1  0  0  0  0  0/0     8:01   0:02   0:00 
T.J Brodie               0  0  0  -2  0   1  2  1  1  1  0/0    26:37   2:40   3:37 
Travis Dermott           0  0  0  -5  0   4  0  3  0  2  0/0    18:20   1:18   0:44 

Players Stats for Eagles

Player Name              G  A  P  +/- PIM S  H  SB GA TA FO     MP     PP MP  PK MP  
------------------------------------------------------------------------------------
Anthony Duclair          2  1  3   1  0   5  0  0  1  0  1/1    15:11   1:08   0:35 
Chris Calhan             0  1  1   2  0   0  1  1  0  0  0/0    12:44   0:00   0:00 
Connor Carrick           0  2  2   2  0   2  1  3  0  1  0/0    19:50   0:56   1:45 
Dominik Kubalik          0  0  0   0  0   0  0  0  0  0  0/0     0:00   0:00   0:00 
Drake Caggiula           1  1  2   1  0   4  4  1  0  0  9/18   15:34   1:08   1:08 
Gabriel Vilardi          0  2  2   2  0   2  0  0  0  0  0/0     7:07   0:00   0:00 
Jared McCann             3  1  4   2  0   4  0  0  1  0  4/6    12:44   0:00   0:00 
John Ramage              0  1  1   4  0   1  1  5  0  0  0/0    25:59   3:25   2:13 
Jonathan Marchessault    1  3  4   4  0   5  3  1  1  3  15/35  23:50   3:13   2:15 
Jonathan Racine          0  0  0   2  2   0  2  2  0  0  0/0    18:10   0:56   1:04 
Joseph Blandisi          0  0  0   4  0   1  1  0  0  0  2/3    22:43   3:13   1:08 
Keaton Middleton         0  0  0   2  0   0  2  0  0  0  0/0    11:27   0:00   0:33 
Marian Studenic          0  0  0   0  0   0  0  0  0  0  0/0     0:00   0:00   0:00 
Mark Friedman            0  0  0   1  0   0  0  0  0  0  0/0     4:30   0:00   0:08 
Matteson Iacopelli       0  3  3   1  2   4  1  0  1  0  0/2    14:28   1:08   0:00 
Michael Carcone          1  0  1   2  0   1  2  0  0  0  0/0     7:07   0:00   0:00 
Michael Dal Colle        0  0  0   0  0   0  0  0  0  0  0/0     0:45   0:00   0:35 
Nick Cousins             3  1  4   4  0   6  2  0  1  0  1/1    23:50   3:13   2:15 
Pascal Laberge           0  0  0   0  0   0  0  0  0  0  0/0     0:00   0:00   0:00 
Pius Suter               0  0  0   0  0   0  0  0  0  0  0/0     0:00   0:00   0:00 
Ryan Murphy              0  4  4   5  0   4  2  2  0  2  0/0    29:16   3:25   2:13 
Sam Steel                0  0  0   0  0   0  0  0  0  0  0/0     0:00   0:00   0:00 
Tyler Motte              0  1  1   2  0   4  2  0  1  1  0/0    12:44   0:00   0:00 
Xavier Ouellet           0  0  0   2  0   0  0  0  0  0  0/0    10:54   0:00   0:00 
Zach Aston-Reese         1  1  2   2  0   1  1  2  0  0  2/2     7:07   0:00   0:00 

3 Stars

1 - Nick Cousins (Col)
2 - Jared McCann (Col)
3 - Jonathan Marchessault (Col)

Power Play

Admirals - 0 on 2 Attempt(s) - 0.00%
Eagles - 2 on 3 Attempt(s) - 66.67%

Penalty Kill

Admirals - 1 on 3 Attempt(s) - 33.33% - Score 0 goal in Penalty Kill
Eagles - 2 on 2 Attempt(s) - 100.00% - Score 0 goal in Penalty Kill

Team Stat

Admirals - Hits : 10 - Faceoff Wins : 34 - Blocked Shots : 15 - Penalty Minutes : 6
Eagles - Hits : 25 - Faceoff Wins : 34 - Blocked Shots : 17 - Penalty Minutes : 4

Official

Referees : Chris Lee and Tim Peel
Linesman : Trent Knorr and Libor Suchanek

Game Notes

Felix Sanstrom enters game at 1:46 of 2nd period
Jared McCann has scored a Hat Trick!
Tristan Jarry enters game at 5:56 of 2nd period
Nick Cousins has scored a Hat Trick!

Finance

Level 1 -- Attendance: 1947 (97.35%) -- Ticket Income $68,145
Level 2 -- Attendance: 993 (99.30%) -- Ticket Income $14,895
Total Attendance: 2940 (98.00%)
Total Ticket Income: $83,040
Other Income: $4,152
Total Income: $87,192

Admirals

5 vs 5 Forward 
   Center                   Left Wing                Right Wing               Time % Phy DF OF 
 1 Anton Gustafsson         Markus Granlund          Joel Armia               40     1   2  2  
 2 Lucas Wallmark           Hunter Shinkaruk         Mark McNeill             30     1   2  2  
 3 Freddie Hamilton         Nolan Vesey              Kasper Bjorkqvist        20     1   2  2  
 4 Josh Norris              Kristian Vesalainen      Riley Barber             10     1   2  2  

5 vs 5 Defense 
   Defense                  Defense                                           Time % Phy DF OF 
 1 Mattias Backman          T.J Brodie                                        40     1   2  2  
 2 Travis Dermott           Carl Dahlstrom                                    30     1   2  2  
 3 Olli Juolevi             Josh Wesley                                       20     1   2  2  
 4 Reilly Walsh             Ian Mitchell                                      10     1   2  2  

PowerPlay Forward 
   Center                   Left Wing                Right Wing               Time % Phy DF OF 
 1 Anton Gustafsson         Markus Granlund          Joel Armia               60     1   2  2  
 2 Lucas Wallmark           Hunter Shinkaruk         Mark McNeill             40     1   2  2  

PowerPlay Defense
   Defense                  Defense                                           Time % Phy DF OF 
 1 Mattias Backman          T.J Brodie                                        60     1   2  2  
 2 Travis Dermott           Carl Dahlstrom                                    40     1   2  2  

Penalty Kill 4 Players Forward 
   Center                   Wing                     Time % Phy DF OF 
 1 Anton Gustafsson         Markus Granlund          60     1   2  2  
 2 Lucas Wallmark           Hunter Shinkaruk         40     1   2  2  

Penalty Kill 4 Players Defense
   Defense                  Defense                  Time % Phy DF OF 
 1 Mattias Backman          T.J Brodie               60     1   2  2  
 2 Travis Dermott           Carl Dahlstrom           40     1   2  2  

Penalty Kill - 3 Players Forward 
   Forward                                           Time % Phy DF OF 
 1 Anton Gustafsson                                  60     1   2  2  
 2 Lucas Wallmark                                    40     1   2  2  

Penalty Kill - 3 Players Defense
   Defense                  Defense                  Time % Phy DF OF 
 1 Mattias Backman          T.J Brodie               60     1   2  2  
 2 Travis Dermott           Carl Dahlstrom           40     1   2  2  

4 vs 4 Forward 
   Center                   Wing                     Time % Phy DF OF 
 1 Anton Gustafsson         Markus Granlund          60     1   2  2  
 2 Lucas Wallmark           Hunter Shinkaruk         40     1   2  2  

4 vs 4 Defense
   Defense                  Defense                  Time % Phy DF OF 
 1 Mattias Backman          T.J Brodie               60     1   2  2  
 2 Travis Dermott           Carl Dahlstrom           40     1   2  2  

Last Minutes Offensive
   Center                   Left Wing                Right Wing               Defense                  Defense                  
   Anton Gustafsson         Markus Granlund          Joel Armia               Mattias Backman          T.J Brodie               

Last Minutes Defensive
   Center                   Left Wing                Right Wing               Defense                  Defense                  
   Anton Gustafsson         Markus Granlund          Joel Armia               Mattias Backman          T.J Brodie               

Goaltenders
Starting : Tristan Jarry            
Backup : Felix Sanstrom           

Extra Forwards
Normal : Kasper Bjorkqvist, Hunter Shinkaruk, Lucas Wallmark - PP : Kasper Bjorkqvist, Hunter Shinkaruk - PK : Kasper Bjorkqvist
Extra Defensemen
Normal : Josh Wesley, Reilly Walsh, Ian Mitchell - PP : Josh Wesley - PK : Josh Wesley, Reilly Walsh
Penalty Shots
Markus Granlund, Anton Gustafsson, Joel Armia, Mark McNeill, Kasper Bjorkqvist

Scratches
Alexandre Mallet (Healthy), Andreas Englund (Healthy), Brett Connolly (Healthy), Christian Djoos (Healthy), Joni Ikonen (Healthy)
Filip Chlapik (Healthy), Mark MacMillan (Healthy), Ryan Olsen (Healthy), Sergei Zborovskiy (Healthy), Stanislav Galiev (Healthy)
Troy Bourke (Healthy), Carsen Twarynski (Healthy), Libor Hajek (Healthy), Linus Ullmark (Healthy)

Eagles

5 vs 5 Forward 
   Center                   Left Wing                Right Wing               Time % Phy DF OF 
 1 Jonathan Marchessault    Joseph Blandisi          Nick Cousins             40     1   2  2  
 2 Drake Caggiula           Anthony Duclair          Matteson Iacopelli       30     1   2  2  
 3 Jared McCann             Tyler Motte              Chris Calhan             20     1   2  2  
 4 Zach Aston-Reese         Michael Carcone          Gabriel Vilardi          10     1   2  2  

5 vs 5 Defense 
   Defense                  Defense                                           Time % Phy DF OF 
 1 Ryan Murphy              John Ramage                                       40     1   2  2  
 2 Connor Carrick           Jonathan Racine                                   30     1   2  2  
 3 Xavier Ouellet           Keaton Middleton                                  20     1   2  2  
 4 Mark Friedman            Ryan Murphy                                       10     1   2  2  

PowerPlay Forward 
   Center                   Left Wing                Right Wing               Time % Phy DF OF 
 1 Jonathan Marchessault    Joseph Blandisi          Nick Cousins             60     1   2  2  
 2 Drake Caggiula           Anthony Duclair          Matteson Iacopelli       40     1   2  2  

PowerPlay Defense
   Defense                  Defense                                           Time % Phy DF OF 
 1 Ryan Murphy              John Ramage                                       60     1   2  2  
 2 Connor Carrick           Jonathan Racine                                   40     1   2  2  

Penalty Kill 4 Players Forward 
   Center                   Wing                     Time % Phy DF OF 
 1 Jonathan Marchessault    Nick Cousins             60     1   2  2  
 2 Joseph Blandisi          Drake Caggiula           40     1   2  2  

Penalty Kill 4 Players Defense
   Defense                  Defense                  Time % Phy DF OF 
 1 Ryan Murphy              John Ramage              60     1   2  2  
 2 Connor Carrick           Jonathan Racine          40     1   2  2  

Penalty Kill - 3 Players Forward 
   Forward                                           Time % Phy DF OF 
 1 Jonathan Marchessault                             60     1   2  2  
 2 Nick Cousins                                      40     1   2  2  

Penalty Kill - 3 Players Defense
   Defense                  Defense                  Time % Phy DF OF 
 1 Ryan Murphy              John Ramage              60     1   2  2  
 2 Connor Carrick           Jonathan Racine          40     1   2  2  

4 vs 4 Forward 
   Center                   Wing                     Time % Phy DF OF 
 1 Jonathan Marchessault    Nick Cousins             60     1   2  2  
 2 Joseph Blandisi          Drake Caggiula           40     1   2  2  

4 vs 4 Defense
   Defense                  Defense                  Time % Phy DF OF 
 1 Ryan Murphy              John Ramage              60     1   2  2  
 2 Connor Carrick           Jonathan Racine          40     1   2  2  

Last Minutes Offensive
   Center                   Left Wing                Right Wing               Defense                  Defense                  
   Jonathan Marchessault    Joseph Blandisi          Nick Cousins             Ryan Murphy              John Ramage              

Last Minutes Defensive
   Center                   Left Wing                Right Wing               Defense                  Defense                  
   Jonathan Marchessault    Joseph Blandisi          Nick Cousins             Ryan Murphy              John Ramage              

Goaltenders
Starting : Adin Hill                
Backup : Antoine Bibeau           

Extra Forwards
Normal : Sam Steel, Pius Suter, Michael Dal Colle - PP : Sam Steel, Pius Suter - PK : Michael Dal Colle
Extra Defensemen
Normal : Xavier Ouellet, Keaton Middleton, Mark Friedman - PP : Xavier Ouellet - PK : Keaton Middleton, Mark Friedman
Penalty Shots
Jonathan Marchessault, Nick Cousins, Joseph Blandisi, Drake Caggiula, Anthony Duclair

Scratches
Max Lajoie (Healthy), Walker Duehr (Healthy), Jamie Phillips (Healthy)

% Time on Ice - Admirals

Lines # - Real PCT - Wanted PCT - Time Play
Normal Forward
1 - 34% - 40% - 17:25
2 - 28% - 30% - 14:39
3 - 23% - 20% - 12:00
4 - 15% - 10% - 7:37
Normal Defense
1 - 39% - 40% - 20:20
2 - 32% - 30% - 16:18
3 - 20% - 20% - 10:27
4 - 9% - 10% - 4:36
PP Forward
1 - 58% - 60% - 2:19
2 - 42% - 40% - 1:39
PP Defense
1 - 67% - 60% - 2:40
2 - 33% - 40% - 1:18
PK Forward
1 - 100% - 60% - 4:21
2 - 0% - 40% - 0:00
PK Defense
1 - 83% - 60% - 3:37
2 - 17% - 40% - 0:44
PK3 Forward
1 - 0% - 60%
2 - 0% - 40%
PK3 Defense
1 - 0% - 60%
2 - 0% - 40%
44 Forward
1 - 0% - 60%
2 - 0% - 40%
44 Defense
1 - 0% - 60%
2 - 0% - 40%
Last Minute Offensive  - 0:00
Last Minute Defensive  - 0:00
Total
Forward - 60:00
Defense - 60:00

% Time on Ice - Eagles

Lines # - Real PCT - Wanted PCT - Time Play
Normal Forward
1 - 36% - 40% - 18:32
2 - 26% - 30% - 13:18
3 - 25% - 20% - 12:44
4 - 14% - 10% - 7:07
Normal Defense
1 - 39% - 40% - 20:21
2 - 31% - 30% - 16:11
3 - 21% - 20% - 10:54
4 - 8% - 10% - 4:15
PP Forward
1 - 74% - 60% - 3:13
2 - 26% - 40% - 1:08
PP Defense
1 - 79% - 60% - 3:25
2 - 21% - 40% - 0:56
PK Forward
1 - 71% - 60% - 2:50
2 - 29% - 40% - 1:08
PK Defense
1 - 56% - 60% - 2:13
2 - 44% - 40% - 1:45
PK3 Forward
1 - 0% - 60%
2 - 0% - 40%
PK3 Defense
1 - 0% - 60%
2 - 0% - 40%
44 Forward
1 - 0% - 60%
2 - 0% - 40%
44 Defense
1 - 0% - 60%
2 - 0% - 40%
Last Minute Offensive  - 0:00
Last Minute Defensive  - 0:00
Total
Forward - 60:00
Defense - 60:00

Play-by-Play

1st period


0:01 of 1st period - Anton Gustafsson wins face-off versus Jonathan Marchessault in neutral zone.
0:10 of 1st period - Snap shot by Joel Armia.
0:10 of 1st period - Deflect By Nick Cousins.
0:10 of 1st period - Shot Misses the Net.
0:10 of 1st period - Puck is out of play.
0:11 of 1st period - Lucas Wallmark wins face-off versus Drake Caggiula in Eagles zone.
0:11 of 1st period - Travis Dermott is hit by Connor Carrick and loses puck.
0:16 of 1st period - Slapshot by Hunter Shinkaruk.
0:16 of 1st period - Stopped by Adin Hill with a rebound.
0:18 of 1st period - Slapshot by Travis Dermott.
0:18 of 1st period - Stopped by Adin Hill without a rebound.
0:19 of 1st period - Lucas Wallmark wins face-off versus Matteson Iacopelli in Eagles zone.
0:22 of 1st period - Snap shot by Hunter Shinkaruk.
0:22 of 1st period - Shot Blocked by Jonathan Racine.
0:44 of 1st period - Wrist shot by Jared McCann.
0:44 of 1st period - Goal by Jared McCann - Admirals : 0 - Eagles : 1.
0:45 of 1st period - Jonathan Marchessault wins face-off versus Anton Gustafsson in neutral zone.
0:53 of 1st period - Snap shot by Joel Armia.
0:53 of 1st period - Shot Misses the Net.
1:54 of 1st period - John Ramage is hit by T.J Brodie and loses puck.
2:21 of 1st period - Wrist shot by Joel Armia.
2:21 of 1st period - Shot Blocked by Drake Caggiula.
2:23 of 1st period - Wrist shot by Anton Gustafsson.
2:23 of 1st period - Shot Misses the Net.
3:01 of 1st period - Connor Carrick is hit by Freddie Hamilton and loses puck.
3:42 of 1st period - Snap shot by Joseph Blandisi.
3:42 of 1st period - Deflect By Anthony Duclair.
3:42 of 1st period - Stopped by Tristan Jarry without a rebound.
3:43 of 1st period - Drake Caggiula wins face-off versus Anton Gustafsson in Admirals zone.
4:08 of 1st period - Mattias Backman is hit by John Ramage and loses puck.
4:15 of 1st period - Snap shot by Nick Cousins.
4:15 of 1st period - Shot Misses the Net.
5:17 of 1st period - Backhand shot by Anthony Duclair.
5:17 of 1st period - Goal by Anthony Duclair - Admirals : 0 - Eagles : 2.
5:18 of 1st period - Anton Gustafsson wins face-off versus Jonathan Marchessault in neutral zone.
5:21 of 1st period - Slapshot by Travis Dermott.
5:21 of 1st period - Stopped by Adin Hill with a rebound.
6:28 of 1st period - Snap shot by Josh Norris.
6:28 of 1st period - Stopped by Adin Hill with a rebound.
6:36 of 1st period - Snap shot by Zach Aston-Reese.
6:36 of 1st period - Shot Misses the Net.
6:47 of 1st period - Off-side.
6:48 of 1st period - Lucas Wallmark wins face-off versus Jonathan Marchessault in neutral zone.
7:15 of 1st period - T.J Brodie is hit by Drake Caggiula and loses puck.
7:54 of 1st period - Josh Norris is hit by Michael Carcone.
7:58 of 1st period - Slapshot by Ian Mitchell.
7:58 of 1st period - Shot Blocked by Zach Aston-Reese.
9:10 of 1st period - Jared McCann is hit by Kasper Bjorkqvist and loses puck.
9:28 of 1st period - Slapshot by Chris Calhan.
9:28 of 1st period - Shot Misses the Net.
9:46 of 1st period - Wrist shot by Jared McCann.
9:46 of 1st period - Shot Misses the Net.
9:52 of 1st period - Slapshot by Jared McCann.
9:52 of 1st period - Shot Misses the Net.
9:54 of 1st period - Snap shot by Xavier Ouellet.
9:54 of 1st period - Shot Blocked by Freddie Hamilton.
10:00 of 1st period - Snap shot by Tyler Motte.
10:00 of 1st period - Stopped by Tristan Jarry without a rebound.
10:01 of 1st period - Jonathan Marchessault wins face-off versus Anton Gustafsson in Admirals zone.
10:06 of 1st period - Snap shot by Nick Cousins.
10:06 of 1st period - Deflect By Jonathan Marchessault.
10:06 of 1st period - Shot Blocked by Markus Granlund.
10:06 of 1st period - Puck is out of play.
10:07 of 1st period - Jonathan Marchessault wins face-off versus Anton Gustafsson in Admirals zone.
10:18 of 1st period - Slapshot by Jonathan Marchessault.
10:18 of 1st period - Deflect By Nick Cousins.
10:18 of 1st period - Stopped by Tristan Jarry with a rebound.
10:22 of 1st period - Snap shot by Nick Cousins.
10:22 of 1st period - Shot Misses the Net.
10:44 of 1st period - Minor Penalty to Matteson Iacopelli for Goalie Interference.
10:45 of 1st period - Anton Gustafsson wins face-off versus Jonathan Marchessault in Eagles zone.
12:44 of 1st period - Penalty to Matteson Iacopelli is over, Matteson Iacopelli is back on ice.
13:02 of 1st period - Slapshot by Gabriel Vilardi.
13:02 of 1st period - Shot Blocked by Josh Wesley.
13:16 of 1st period - Keaton Middleton is hit by Kasper Bjorkqvist and loses puck.
14:13 of 1st period - Snap shot by Freddie Hamilton.
14:13 of 1st period - Shot Misses the Net.
14:34 of 1st period - Snap shot by Kasper Bjorkqvist.
14:34 of 1st period - Shot Blocked by Connor Carrick.
14:36 of 1st period - Snap shot by Kasper Bjorkqvist.
14:36 of 1st period - Shot Misses the Net.
14:38 of 1st period - Snap shot by Josh Wesley.
14:38 of 1st period - Stopped by Adin Hill without a rebound.
14:39 of 1st period - Anton Gustafsson wins face-off versus Jonathan Marchessault in Eagles zone.
14:44 of 1st period - Slapshot by Anton Gustafsson.
14:44 of 1st period - Shot Blocked by Jonathan Marchessault.
15:08 of 1st period - Wrist shot by Hunter Shinkaruk.
15:08 of 1st period - Shot Blocked by Zach Aston-Reese.
15:10 of 1st period - Wrist shot by Mark McNeill.
15:10 of 1st period - Shot Blocked by John Ramage.
15:28 of 1st period - Carl Dahlstrom is hit by Jonathan Marchessault and loses puck.
15:59 of 1st period - Anton Gustafsson is hit by Keaton Middleton and loses puck.
16:39 of 1st period - Connor Carrick is hit by Markus Granlund and loses puck.
17:24 of 1st period - T.J Brodie is hit by Tyler Motte and loses puck.
17:39 of 1st period - Wrist shot by Jonathan Marchessault.
17:39 of 1st period - Stopped by Tristan Jarry with a rebound.
17:41 of 1st period - Snap shot by Nick Cousins.
17:41 of 1st period - Goal by Nick Cousins - Admirals : 0 - Eagles : 3.
17:42 of 1st period - Jonathan Marchessault wins face-off versus Anton Gustafsson in neutral zone.
17:51 of 1st period - Wrist shot by Anton Gustafsson.
17:51 of 1st period - Shot Blocked by Connor Carrick.
17:53 of 1st period - Slapshot by T.J Brodie.
17:53 of 1st period - Stopped by Adin Hill with a rebound.
17:55 of 1st period - Slapshot by Markus Granlund.
17:55 of 1st period - Stopped by Adin Hill with a rebound.
17:57 of 1st period - Wrist shot by Joel Armia.
17:57 of 1st period - Stopped by Adin Hill without a rebound.
17:58 of 1st period - Lucas Wallmark wins face-off versus Drake Caggiula in Eagles zone.
17:59 of 1st period - Snap shot by Mark McNeill.
17:59 of 1st period - Shot Misses the Net.
18:03 of 1st period - Wrist shot by Lucas Wallmark.
18:03 of 1st period - Shot Blocked by Ryan Murphy.
18:05 of 1st period - Wrist shot by Lucas Wallmark.
18:05 of 1st period - Stopped by Adin Hill with a rebound.
18:07 of 1st period - Wrist shot by Lucas Wallmark.
18:07 of 1st period - Shot Misses the Net.
18:28 of 1st period - Ryan Murphy is hit by Carl Dahlstrom.
18:46 of 1st period - Connor Carrick is hit by Freddie Hamilton.
19:23 of 1st period - Mark McNeill is hit by Zach Aston-Reese and loses puck.
19:40 of 1st period - Snap shot by Joseph Blandisi.
19:40 of 1st period - Stopped by Tristan Jarry without a rebound.
19:41 of 1st period - Markus Granlund wins face-off versus Jonathan Marchessault in Admirals zone.
19:41 of 1st period - Markus Granlund is hit by Joseph Blandisi.
Goals for this period are 0 for Admirals vs 3 for Eagles.
Shots for this period are 9 for Admirals vs 8 for Eagles.

2nd period


0:01 of 2nd period - Anton Gustafsson wins face-off versus Jonathan Marchessault in neutral zone.
0:10 of 2nd period - Wrist shot by Nick Cousins.
0:10 of 2nd period - Deflect By Markus Granlund.
0:10 of 2nd period - Stopped by Tristan Jarry with a rebound.
0:28 of 2nd period - Slapshot by Hunter Shinkaruk.
0:28 of 2nd period - Deflect By Mark McNeill.
0:28 of 2nd period - Shot Misses the Net.
0:28 of 2nd period - Puck is out of play.
0:29 of 2nd period - Lucas Wallmark wins face-off versus Matteson Iacopelli in Eagles zone.
0:54 of 2nd period - Snap shot by Nick Cousins.
0:54 of 2nd period - Shot Misses the Net.
1:18 of 2nd period - Travis Dermott is hit by Chris Calhan and loses puck.
1:37 of 2nd period - Travis Dermott is hit by Michael Carcone and loses puck.
1:46 of 2nd period - Snap shot by Zach Aston-Reese.
1:46 of 2nd period - Goal by Zach Aston-Reese - Admirals : 0 - Eagles : 4.
1:46 of 2nd period - Felix Sanstrom enters game.
1:47 of 2nd period - Jonathan Marchessault wins face-off versus Anton Gustafsson in neutral zone.
2:00 of 2nd period - Anton Gustafsson is hit by Jonathan Marchessault and loses puck.
2:20 of 2nd period - Icing by Jared McCann.
2:21 of 2nd period - Lucas Wallmark wins face-off versus Jared McCann in Eagles zone.
2:26 of 2nd period - Wrist shot by Mark McNeill.
2:26 of 2nd period - Shot Misses the Net.
2:28 of 2nd period - Slapshot by Olli Juolevi.
2:28 of 2nd period - Stopped by Adin Hill with a rebound.
2:30 of 2nd period - Snap shot by Lucas Wallmark.
2:30 of 2nd period - Shot Misses the Net.
2:32 of 2nd period - Snap shot by Lucas Wallmark.
2:32 of 2nd period - Shot Misses the Net.
2:34 of 2nd period - Snap shot by Lucas Wallmark.
2:34 of 2nd period - Shot Misses the Net.
2:58 of 2nd period - Snap shot by Hunter Shinkaruk.
2:58 of 2nd period - Shot Misses the Net.
3:00 of 2nd period - Wrist shot by Hunter Shinkaruk.
3:00 of 2nd period - Stopped by Adin Hill with a rebound.
3:02 of 2nd period - Snap shot by Mark McNeill.
3:02 of 2nd period - Stopped by Adin Hill with a rebound.
3:22 of 2nd period - Slapshot by Jared McCann.
3:22 of 2nd period - Goal by Jared McCann - Admirals : 0 - Eagles : 5.
3:23 of 2nd period - Markus Granlund wins face-off versus Jonathan Marchessault in neutral zone.
3:28 of 2nd period - Slapshot by Anton Gustafsson.
3:28 of 2nd period - Shot Misses the Net.
3:34 of 2nd period - Wrist shot by Nick Cousins.
3:34 of 2nd period - Shot Misses the Net.
3:36 of 2nd period - Slapshot by Jonathan Marchessault.
3:36 of 2nd period - Goal by Jonathan Marchessault - Admirals : 0 - Eagles : 6.
3:37 of 2nd period - Jonathan Marchessault wins face-off versus Anton Gustafsson in neutral zone.
3:52 of 2nd period - Slapshot by Joel Armia.
3:52 of 2nd period - Shot Misses the Net.
4:02 of 2nd period - T.J Brodie is hit by Drake Caggiula and loses puck.
4:13 of 2nd period - Snap shot by Drake Caggiula.
4:13 of 2nd period - Stopped by Felix Sanstrom without a rebound.
4:14 of 2nd period - Joel Armia wins face-off versus Jonathan Marchessault in Admirals zone.
4:25 of 2nd period - Wrist shot by Nick Cousins.
4:25 of 2nd period - Shot Misses the Net.
4:27 of 2nd period - Wrist shot by Nick Cousins.
4:27 of 2nd period - Goal by Nick Cousins - Admirals : 0 - Eagles : 7.
4:28 of 2nd period - Joel Armia wins face-off versus Jonathan Marchessault in neutral zone.
5:39 of 2nd period - Travis Dermott is hit by Keaton Middleton and loses puck.
5:54 of 2nd period - Snap shot by Ryan Murphy.
5:54 of 2nd period - Stopped by Felix Sanstrom with a rebound.
5:56 of 2nd period - Snap shot by Jared McCann.
5:56 of 2nd period - Goal by Jared McCann - Admirals : 0 - Eagles : 8.
5:56 of 2nd period - Tristan Jarry enters game.
5:57 of 2nd period - Anton Gustafsson wins face-off versus Jonathan Marchessault in neutral zone.
6:31 of 2nd period - Wrist shot by Lucas Wallmark.
6:31 of 2nd period - Shot Blocked by John Ramage.
6:34 of 2nd period - Icing by Ryan Murphy.
6:35 of 2nd period - Drake Caggiula wins face-off versus Anton Gustafsson in Eagles zone.
7:22 of 2nd period - Snap shot by Anthony Duclair.
7:22 of 2nd period - Shot Misses the Net.
7:32 of 2nd period - Snap shot by Hunter Shinkaruk.
7:32 of 2nd period - Stopped by Adin Hill without a rebound.
7:33 of 2nd period - Anton Gustafsson wins face-off versus Jonathan Marchessault in Eagles zone.
7:50 of 2nd period - Anton Gustafsson is hit by Jonathan Racine and loses puck.
8:15 of 2nd period - Off-side.
8:16 of 2nd period - Jared McCann wins face-off versus Lucas Wallmark in neutral zone.
9:09 of 2nd period - Wrist shot by Freddie Hamilton.
9:09 of 2nd period - Shot Misses the Net.
9:15 of 2nd period - Snap shot by Freddie Hamilton.
9:15 of 2nd period - Shot Misses the Net.
9:32 of 2nd period - Markus Granlund is hit by Drake Caggiula and loses puck.
9:46 of 2nd period - Icing by Lucas Wallmark.
9:47 of 2nd period - Jonathan Marchessault wins face-off versus Lucas Wallmark in Admirals zone.
9:47 of 2nd period - Minor Penalty to Jonathan Racine for Roughing.
9:48 of 2nd period - Anton Gustafsson wins face-off versus Jonathan Marchessault in Eagles zone.
10:41 of 2nd period - Snap shot by Markus Granlund.
10:41 of 2nd period - Stopped by Adin Hill with a rebound.
10:59 of 2nd period - Wrist shot by Markus Granlund.
10:59 of 2nd period - Shot Misses the Net.
11:01 of 2nd period - Slapshot by Mattias Backman.
11:01 of 2nd period - Shot Misses the Net.
11:03 of 2nd period - Wrist shot by Markus Granlund.
11:03 of 2nd period - Shot Misses the Net.
11:05 of 2nd period - Slapshot by T.J Brodie.
11:05 of 2nd period - Deflect By Joel Armia.
11:05 of 2nd period - Stopped by Adin Hill without a rebound.
11:06 of 2nd period - Joseph Blandisi wins face-off versus Lucas Wallmark in Eagles zone.
11:47 of 2nd period - Penalty to Jonathan Racine is over, Jonathan Racine is back on ice.
11:51 of 2nd period - Snap shot by Kasper Bjorkqvist.
11:51 of 2nd period - Shot Blocked by Connor Carrick.
11:53 of 2nd period - Snap shot by Josh Wesley.
11:53 of 2nd period - Deflect By Anthony Duclair.
11:53 of 2nd period - Stopped by Adin Hill without a rebound.
11:54 of 2nd period - Zach Aston-Reese wins face-off versus Kasper Bjorkqvist in Eagles zone.
12:08 of 2nd period - Slapshot by Kasper Bjorkqvist.
12:08 of 2nd period - Deflect By Nolan Vesey.
12:08 of 2nd period - Stopped by Adin Hill without a rebound.
12:09 of 2nd period - Josh Norris wins face-off versus Drake Caggiula in Eagles zone.
12:34 of 2nd period - Slapshot by Travis Dermott.
12:34 of 2nd period - Stopped by Adin Hill without a rebound.
12:35 of 2nd period - Joseph Blandisi wins face-off versus Lucas Wallmark in Eagles zone.
12:51 of 2nd period - Off-side.
12:52 of 2nd period - Drake Caggiula wins face-off versus Anton Gustafsson in neutral zone.
13:25 of 2nd period - Snap shot by Lucas Wallmark.
13:25 of 2nd period - Shot Blocked by Ryan Murphy.
13:27 of 2nd period - Snap shot by Hunter Shinkaruk.
13:27 of 2nd period - Shot Misses the Net.
13:43 of 2nd period - Wrist shot by Zach Aston-Reese.
13:43 of 2nd period - Shot Blocked by Freddie Hamilton.
13:45 of 2nd period - Snap shot by Gabriel Vilardi.
13:45 of 2nd period - Stopped by Tristan Jarry with a rebound.
13:47 of 2nd period - Wrist shot by John Ramage.
13:47 of 2nd period - Deflect By Gabriel Vilardi.
13:47 of 2nd period - Stopped by Tristan Jarry without a rebound.
13:48 of 2nd period - Anton Gustafsson wins face-off versus Drake Caggiula in Admirals zone.
14:22 of 2nd period - Snap shot by Mark McNeill.
14:22 of 2nd period - Stopped by Adin Hill with a rebound.
14:32 of 2nd period - Freddie Hamilton is hit by Nick Cousins and loses puck.
14:54 of 2nd period - Slapshot by Tyler Motte.
14:54 of 2nd period - Deflect By Riley Barber.
14:54 of 2nd period - Stopped by Tristan Jarry without a rebound.
14:55 of 2nd period - Jared McCann wins face-off versus Josh Norris in Admirals zone.
15:40 of 2nd period - Wrist shot by Riley Barber.
15:40 of 2nd period - Goal by Riley Barber - Admirals : 1 - Eagles : 8.
15:41 of 2nd period - Anton Gustafsson wins face-off versus Jonathan Marchessault in neutral zone.
16:06 of 2nd period - Hunter Shinkaruk is hit by Jonathan Racine and loses puck.
16:13 of 2nd period - Slapshot by Drake Caggiula.
16:13 of 2nd period - Stopped by Tristan Jarry with a rebound.
16:15 of 2nd period - Slapshot by Ryan Murphy.
16:15 of 2nd period - Stopped by Tristan Jarry with a rebound.
16:17 of 2nd period - Wrist shot by John Ramage.
16:17 of 2nd period - Shot Blocked by Lucas Wallmark.
16:48 of 2nd period - Icing by John Ramage.
16:49 of 2nd period - Jared McCann wins face-off versus Anton Gustafsson in Eagles zone.
17:11 of 2nd period - Icing by T.J Brodie.
17:12 of 2nd period - Jonathan Marchessault wins face-off versus Anton Gustafsson in Admirals zone.
17:25 of 2nd period - Wrist shot by Nick Cousins.
17:25 of 2nd period - Shot Misses the Net.
17:27 of 2nd period - Snap shot by Jonathan Marchessault.
17:27 of 2nd period - Stopped by Tristan Jarry with a rebound.
17:40 of 2nd period - Slapshot by Mattias Backman.
17:40 of 2nd period - Deflect By Hunter Shinkaruk.
17:40 of 2nd period - Deflect By Anthony Duclair.
17:40 of 2nd period - Stopped by Adin Hill without a rebound.
17:41 of 2nd period - Lucas Wallmark wins face-off versus Drake Caggiula in Eagles zone.
18:18 of 2nd period - Off-side.
18:19 of 2nd period - Jonathan Marchessault wins face-off versus Anton Gustafsson in neutral zone.
18:27 of 2nd period - Off-side.
18:28 of 2nd period - Jonathan Marchessault wins face-off versus Anton Gustafsson in neutral zone.
18:47 of 2nd period - Snap shot by Nick Cousins.
18:47 of 2nd period - Shot Misses the Net.
18:49 of 2nd period - Snap shot by Connor Carrick.
18:49 of 2nd period - Shot Misses the Net.
18:51 of 2nd period - Slapshot by Connor Carrick.
18:51 of 2nd period - Deflect By Jonathan Marchessault.
18:51 of 2nd period - Shot Misses the Net.
18:51 of 2nd period - Puck is out of play.
18:52 of 2nd period - Drake Caggiula wins face-off versus Lucas Wallmark in Admirals zone.
18:53 of 2nd period - Snap shot by Anthony Duclair.
18:53 of 2nd period - Shot Misses the Net.
18:55 of 2nd period - Slapshot by Keaton Middleton.
18:55 of 2nd period - Deflect By Matteson Iacopelli.
18:55 of 2nd period - Stopped by Tristan Jarry with a rebound.
18:57 of 2nd period - Snap shot by Matteson Iacopelli.
18:57 of 2nd period - Shot Misses the Net.
18:59 of 2nd period - Snap shot by Xavier Ouellet.
18:59 of 2nd period - Shot Misses the Net.
19:01 of 2nd period - Wrist shot by Drake Caggiula.
19:01 of 2nd period - Stopped by Tristan Jarry with a rebound.
19:03 of 2nd period - Slapshot by Anthony Duclair.
19:03 of 2nd period - Stopped by Tristan Jarry with a rebound.
19:05 of 2nd period - Slapshot by Drake Caggiula.
19:05 of 2nd period - Shot Misses the Net.
19:07 of 2nd period - Snap shot by Matteson Iacopelli.
19:07 of 2nd period - Shot Misses the Net.
19:42 of 2nd period - Mattias Backman is hit by Ryan Murphy and loses puck.
19:49 of 2nd period - John Ramage is hit by Olli Juolevi and loses puck.
Goals for this period are 1 for Admirals vs 5 for Eagles.
Shots for this period are 12 for Admirals vs 17 for Eagles.

3rd period


0:01 of 3rd period - Jonathan Marchessault wins face-off versus Anton Gustafsson in neutral zone.
0:48 of 3rd period - Snap shot by Nolan Vesey.
0:48 of 3rd period - Deflect By Jared McCann.
0:48 of 3rd period - Shot Misses the Net.
0:48 of 3rd period - Puck is out of play.
0:49 of 3rd period - Jared McCann wins face-off versus Freddie Hamilton in Eagles zone.
1:20 of 3rd period - Backhand shot by Lucas Wallmark.
1:20 of 3rd period - Stopped by Adin Hill with a rebound.
1:22 of 3rd period - Snap shot by Mark McNeill.
1:22 of 3rd period - Shot Blocked by Chris Calhan.
2:00 of 3rd period - Josh Wesley is hit by Drake Caggiula and loses puck.
2:41 of 3rd period - Snap shot by Mark McNeill.
2:41 of 3rd period - Deflect By Lucas Wallmark.
2:41 of 3rd period - Shot Misses the Net.
2:41 of 3rd period - Puck is out of play.
2:42 of 3rd period - Lucas Wallmark wins face-off versus Jonathan Marchessault in Eagles zone.
2:45 of 3rd period - Wrist shot by Hunter Shinkaruk.
2:45 of 3rd period - Shot Misses the Net.
2:47 of 3rd period - Snap shot by Hunter Shinkaruk.
2:47 of 3rd period - Stopped by Adin Hill with a rebound.
2:49 of 3rd period - Wrist shot by Mark McNeill.
2:49 of 3rd period - Shot Blocked by Jonathan Racine.
3:15 of 3rd period - Wrist shot by Jonathan Marchessault.
3:15 of 3rd period - Shot Blocked by Travis Dermott.
3:21 of 3rd period - Slapshot by Travis Dermott.
3:21 of 3rd period - Stopped by Adin Hill without a rebound.
3:22 of 3rd period - Anton Gustafsson wins face-off versus Drake Caggiula in Eagles zone.
4:50 of 3rd period - Freddie Hamilton is hit by Jonathan Marchessault and loses puck.
5:11 of 3rd period - Slapshot by Zach Aston-Reese.
5:11 of 3rd period - Shot Blocked by Freddie Hamilton.
5:13 of 3rd period - Slapshot by Ryan Murphy.
5:13 of 3rd period - Stopped by Tristan Jarry without a rebound.
5:14 of 3rd period - Zach Aston-Reese wins face-off versus Joel Armia in Admirals zone.
5:24 of 3rd period - Off-side.
5:25 of 3rd period - Anton Gustafsson wins face-off versus Jonathan Marchessault in neutral zone.
5:30 of 3rd period - Joseph Blandisi is hit by Carl Dahlstrom and loses puck.
6:03 of 3rd period - Snap shot by Josh Norris.
6:03 of 3rd period - Stopped by Adin Hill without a rebound.
6:04 of 3rd period - Anthony Duclair wins face-off versus Markus Granlund in Eagles zone.
6:29 of 3rd period - Lucas Wallmark is hit by Tyler Motte and loses puck.
6:40 of 3rd period - Backhand shot by Jared McCann.
6:40 of 3rd period - Stopped by Tristan Jarry with a rebound.
7:40 of 3rd period - Snap shot by Anthony Duclair.
7:40 of 3rd period - Deflect By Matteson Iacopelli.
7:40 of 3rd period - Stopped by Tristan Jarry without a rebound.
7:41 of 3rd period - Jonathan Marchessault wins face-off versus Lucas Wallmark in Admirals zone.
8:08 of 3rd period - John Ramage is hit by T.J Brodie and loses puck.
8:36 of 3rd period - Slapshot by T.J Brodie.
8:36 of 3rd period - Deflect By Joel Armia.
8:36 of 3rd period - Stopped by Adin Hill with a rebound.
8:38 of 3rd period - Slapshot by Anton Gustafsson.
8:38 of 3rd period - Shot Hit the Post.
8:40 of 3rd period - Snap shot by Joel Armia.
8:40 of 3rd period - Stopped by Adin Hill without a rebound.
8:41 of 3rd period - Markus Granlund wins face-off versus Jonathan Marchessault in Eagles zone.
8:44 of 3rd period - Snap shot by Joel Armia.
8:44 of 3rd period - Shot Blocked by John Ramage.
8:46 of 3rd period - Wrist shot by Travis Dermott.
8:46 of 3rd period - Shot Blocked by John Ramage.
8:48 of 3rd period - Wrist shot by Joel Armia.
8:48 of 3rd period - Stopped by Adin Hill with a rebound.
8:50 of 3rd period - Slapshot by Travis Dermott.
8:50 of 3rd period - Shot Misses the Net.
9:11 of 3rd period - Hunter Shinkaruk is hit by Ryan Murphy and loses puck.
9:28 of 3rd period - Wrist shot by Tyler Motte.
9:28 of 3rd period - Stopped by Tristan Jarry without a rebound.
9:29 of 3rd period - Nolan Vesey wins face-off versus Jared McCann in Admirals zone.
9:51 of 3rd period - Wrist shot by Tyler Motte.
9:51 of 3rd period - Shot Misses the Net.
10:23 of 3rd period - Slapshot by Connor Carrick.
10:23 of 3rd period - Stopped by Tristan Jarry without a rebound.
10:24 of 3rd period - Anton Gustafsson wins face-off versus Jonathan Marchessault in Admirals zone.
10:28 of 3rd period - Icing by Mattias Backman.
10:29 of 3rd period - Jonathan Marchessault wins face-off versus Anton Gustafsson in Admirals zone.
10:32 of 3rd period - Wrist shot by Jonathan Marchessault.
10:32 of 3rd period - Stopped by Tristan Jarry without a rebound.
10:33 of 3rd period - Nick Cousins wins face-off versus Anton Gustafsson in Admirals zone.
11:07 of 3rd period - Minor Penalty to Markus Granlund for Hooking.
11:08 of 3rd period - Drake Caggiula wins face-off versus Anton Gustafsson in Admirals zone.
11:16 of 3rd period - Snap shot by Matteson Iacopelli.
11:16 of 3rd period - Stopped by Tristan Jarry without a rebound.
11:17 of 3rd period - Anton Gustafsson wins face-off versus Drake Caggiula in Admirals zone.
11:17 of 3rd period - Anton Gustafsson is hit by Matteson Iacopelli.
11:24 of 3rd period - Icing by Anthony Duclair.
11:25 of 3rd period - Drake Caggiula wins face-off versus Anton Gustafsson in Eagles zone.
11:30 of 3rd period - Slapshot by Matteson Iacopelli.
11:30 of 3rd period - Shot Misses the Net.
11:32 of 3rd period - Backhand shot by John Ramage.
11:32 of 3rd period - Shot Misses the Net.
11:34 of 3rd period - Wrist shot by Anthony Duclair.
11:34 of 3rd period - Goal by Anthony Duclair - Admirals : 1 - Eagles : 9.
11:35 of 3rd period - Jonathan Marchessault wins face-off versus Anton Gustafsson in neutral zone.
11:38 of 3rd period - Mattias Backman is hit by Nick Cousins.
12:20 of 3rd period - Wrist shot by Nick Cousins.
12:20 of 3rd period - Deflect By Joseph Blandisi.
12:20 of 3rd period - Shot Blocked by Kasper Bjorkqvist.
12:20 of 3rd period - Puck is out of play.
12:21 of 3rd period - Drake Caggiula wins face-off versus Anton Gustafsson in Admirals zone.
12:29 of 3rd period - Double Minor Penalty to Markus Granlund for Roughing.
12:30 of 3rd period - Anton Gustafsson wins face-off versus Jonathan Marchessault in Admirals zone.
12:58 of 3rd period - Snap shot by Ryan Murphy.
12:58 of 3rd period - Stopped by Tristan Jarry without a rebound.
12:59 of 3rd period - Anton Gustafsson wins face-off versus Jonathan Marchessault in Admirals zone.
13:52 of 3rd period - Slapshot by Jonathan Marchessault.
13:52 of 3rd period - Stopped by Tristan Jarry with a rebound.
13:54 of 3rd period - Slapshot by Connor Carrick.
13:54 of 3rd period - Stopped by Tristan Jarry without a rebound.
13:55 of 3rd period - Drake Caggiula wins face-off versus Josh Norris in Admirals zone.
14:06 of 3rd period - Snap shot by Anthony Duclair.
14:06 of 3rd period - Shot Misses the Net.
14:08 of 3rd period - Slapshot by Ryan Murphy.
14:08 of 3rd period - Shot Misses the Net.
14:10 of 3rd period - Slapshot by John Ramage.
14:10 of 3rd period - Deflect By Matteson Iacopelli.
14:10 of 3rd period - Stopped by Tristan Jarry without a rebound.
14:11 of 3rd period - Anton Gustafsson wins face-off versus Drake Caggiula in Admirals zone.
14:24 of 3rd period - Snap shot by Anthony Duclair.
14:24 of 3rd period - Deflect By Drake Caggiula.
14:24 of 3rd period - Goal by Drake Caggiula - Admirals : 1 - Eagles : 10.
14:25 of 3rd period - Anton Gustafsson wins face-off versus Joseph Blandisi in neutral zone.
14:32 of 3rd period - Snap shot by Anton Gustafsson.
14:32 of 3rd period - Stopped by Adin Hill without a rebound.
14:33 of 3rd period - Jonathan Marchessault wins face-off versus Anton Gustafsson in Eagles zone.
15:06 of 3rd period - Snap shot by Nick Cousins.
15:06 of 3rd period - Stopped by Tristan Jarry with a rebound.
15:08 of 3rd period - Slapshot by Joseph Blandisi.
15:08 of 3rd period - Shot Blocked by Kasper Bjorkqvist.
15:10 of 3rd period - Wrist shot by Ryan Murphy.
15:10 of 3rd period - Shot Misses the Net.
15:12 of 3rd period - Slapshot by Joseph Blandisi.
15:12 of 3rd period - Shot Misses the Net.
15:14 of 3rd period - Slapshot by John Ramage.
15:14 of 3rd period - Shot Blocked by Mattias Backman.
15:16 of 3rd period - Snap shot by John Ramage.
15:16 of 3rd period - Shot Blocked by Mattias Backman.
15:18 of 3rd period - Slapshot by John Ramage.
15:18 of 3rd period - Stopped by Tristan Jarry with a rebound.
15:22 of 3rd period - Snap shot by Joseph Blandisi.
15:22 of 3rd period - Shot Blocked by T.J Brodie.
15:52 of 3rd period - Wrist shot by Kasper Bjorkqvist.
15:52 of 3rd period - Shot Blocked by John Ramage.
16:24 of 3rd period - Penalty to Markus Granlund is over, Markus Granlund is back on ice.
17:31 of 3rd period - Wrist shot by Nick Cousins.
17:31 of 3rd period - Goal by Nick Cousins - Admirals : 1 - Eagles : 11.
17:32 of 3rd period - Drake Caggiula wins face-off versus Mark McNeill in neutral zone.
18:39 of 3rd period - Snap shot by Gabriel Vilardi.
18:39 of 3rd period - Shot Misses the Net.
18:41 of 3rd period - Backhand shot by Michael Carcone.
18:41 of 3rd period - Goal by Michael Carcone - Admirals : 1 - Eagles : 12.
18:42 of 3rd period - Hunter Shinkaruk wins face-off versus Drake Caggiula in neutral zone.
18:52 of 3rd period - Slapshot by Anthony Duclair.
18:52 of 3rd period - Stopped by Tristan Jarry with a rebound.
19:10 of 3rd period - Snap shot by Tyler Motte.
19:10 of 3rd period - Shot Blocked by Travis Dermott.
19:12 of 3rd period - Snap shot by Chris Calhan.
19:12 of 3rd period - Shot Blocked by Travis Dermott.
19:14 of 3rd period - Wrist shot by Tyler Motte.
19:14 of 3rd period - Stopped by Tristan Jarry with a rebound.
19:16 of 3rd period - Wrist shot by Jared McCann.
19:16 of 3rd period - Shot Blocked by Josh Norris.
Goals for this period are 0 for Admirals vs 4 for Eagles.
Shots for this period are 8 for Admirals vs 19 for Eagles.